 Dungeon Crawl Stone Soup version 0.29.1-15-g9cfb28693d (webtiles) character file.

Game seed: 1080935720749212866

2167 croobank the Destroyer (level 9, -7/65 HPs)
             Began as a Gnoll Conjurer on Apr 26, 2023.
             Mangled by a gnoll sergeant
             ... wielding a +0 spear
              (10 damage)
             ... on level 7 of the Dungeon.
             The game lasted 00:19:42 (7103 turns).

croobank the Destroyer (Gnoll Conjurer)             Turns: 7103, Time: 00:19:42

Health: -7/65      AC:  9    Str:  6    XL:     9   Next: 32%
Magic:  6/19       EV: 17    Int: 23    God:
Gold:   335        SH:  0    Dex: 10    Spells: 7/21 levels left

rFire   . . .      SeeInvis .   k - +1 quarterstaff (spect)
rCold   + . .      Faith    .   (shield currently unavailable)
rNeg    . . .      Spirit   .   f - +2 leather armour {rC+}
rPois   .          Reflect  .   c - +0 helmet
rElec   .          Harm     .   m - +0 cloak
rCorr   +          Rampage  .   (no gloves)
Will    .....                   x - +0 pair of boots
Stlth   +++.......              (no amulet)
HPRegen 0.20/turn               l - +4 ring of evasion
MPRegen 0.16/turn               w - ring of resist corrosion

@: no status effects
A: fangs 1, strong nose, distributed training
a: no special abilities


You were on level 7 of the Dungeon.
You visited 1 branch of the dungeon, and saw 7 of its levels.

You collected 335 gold pieces.

Inventory:

Hand Weapons
 a - a +3 dagger of speed
 b - a +0 sling
 d - a +1 dagger of holy wrath
 i - a +1 trident of protection
 k - a +1 spectral quarterstaff (weapon)
 o - a +0 dagger of venom
 v - a +0 falchion
Missiles
 e - 4 poisoned darts
 s - 3 throwing nets
 z - a curare-tipped dart
 E - 5 boomerangs
Armour
 c - a +0 helmet (worn)
 f - a +2 leather armour of cold resistance (worn)
 m - a +0 cloak (worn)
 q - a +0 ring mail
 x - a +0 pair of boots (worn)
Jewellery
 l - a +4 ring of evasion (left hand)
 w - a ring of resist corrosion (right hand)
Wands
 j - a wand of polymorph (7)
 D - a wand of paralysis (13)
Scrolls
 g - 2 scrolls of blinking
 y - 2 scrolls of magic mapping {unknown}
 F - 2 scrolls of identify
 G - a scroll of teleportation {unknown}
Potions
 h - a potion of mutation
 n - a potion of magic
 p - a potion of ambrosia
 r - 3 potions of invisibility
 t - a potion of lignification
 u - 2 potions of brilliance {unknown}
 A - a potion of heal wounds {unknown}
 B - a potion of flight {unknown}
 C - 2 potions of degeneration {unknown}


   Skills:
 + Level 4.3 Fighting
 + Level 4.3 Short Blades
 + Level 4.3 Long Blades
 + Level 4.3 Axes
 + Level 4.3 Maces & Flails
 + Level 4.3 Polearms
 + Level 4.3 Staves
 + Level 4.3 Ranged Weapons
 + Level 4.3 Throwing
 + Level 4.3 Armour
 + Level 6.3 Dodging
 + Level 6.1 Stealth
 + Level 4.3 Shields
 + Level 4.3 Unarmed Combat
 + Level 6.6 Spellcasting
 + Level 8.0 Conjurations
 + Level 3.5 Hexes
 + Level 3.5 Summonings
 + Level 3.5 Necromancy
 + Level 3.5 Translocations
 + Level 3.5 Transmutations
 + Level 3.5 Fire Magic
 + Level 3.5 Ice Magic
 + Level 3.5 Air Magic
 + Level 3.5 Earth Magic
 + Level 3.5 Poison Magic
 + Level 4.7 Invocations
 + Level 4.3 Evocations


You had 7 spell levels left.
You knew the following spells:

 Your Spells              Type           Power      Damage    Failure   Level
a - Magic Dart            Conj           100%       1d8       1%          1
b - Searing Ray           Conj           88%        2d7       1%          2
c - Dazzling Flash        Conj/Hex       68%        N/A       3%          3
d - Fulminant Prism       Conj/Hex       17%        3d11      11%         4
e - Iskenderun's Mystic   Conj/Tloc      34%        2d8       11%         4

Your spell library contained the following spells:

 Spells                   Type           Power      Damage    Failure   Level
 Call Imp                 Summ           23%        N/A       4%          2
 Mephitic Cloud           Conj/Pois/Air  30%        N/A       4%          3
 Hailstorm                Conj/Ice       34%        3d9       11%         4
 Ice Form                 Ice/Tmut       23%        N/A       28%         4
 Simulacrum               Ice/Necr       11%        N/A       99%         6


Dungeon Overview and Level Annotations

Branches:
Dungeon (7/15)
 Temple: D:4-7

Altars:
Fedhas
Nemelex Xobeh

Shops:
D:1 :

Annotations:
D:3 1 runed translucent door, leafyfresh's ghost, amateur OpDe


Innate Abilities, Weirdness & Mutations

You have very sharp teeth.
Your uncanny sense of smell can sniff out nearby items.
Your experience applies equally to all skills.


Message History

Your +1 spectral quarterstaff barely misses the steam dragon.
The steam dragon bites you.
* * * LOW HITPOINT WARNING * * *
The steam dragon misses you.
You thump the steam dragon!
You kill the steam dragon!
Things that are here:
a +0 hand axe; an orc corpse You hit the gnoll.
The gnoll is lightly wounded.
Your +1 spectral quarterstaff hits the gnoll!
You kill the gnoll!
Casting: Searing Ray (safe; 1% risk of failure)
Confirm with . or Enter, or press ? or * to list all spells.
Aiming: Searing Ray (safe; 1% risk of failure)
Press: ? - help, Shift-Dir - straight line, f - gnoll sergeant
Aim: a gnoll sergeant, wielding a +0 spear and wearing a +0 ring mail (87% to hit)
The searing ray hits the gnoll sergeant!
The gnoll sergeant is moderately wounded. (Press . to maintain the ray.)
Casting: Searing Ray (safe; 1% risk of failure)
Confirm with . or Enter, or press ? or * to list all spells.
Casting: Dazzling Flash (dangerous; 3% risk of failure)
Press: ? - help, Dir - look around, f - activate A gnoll comes into view.
It is wielding a +0 whip.
Casting: Dazzling Flash (dangerous; 3% risk of failure)
Confirm with . or Enter, or press ? or * to list all spells.
Casting: Dazzling Flash (dangerous; 3% risk of failure)
Press: ? - help, Dir - look around, f - activate The gnoll shouts!
You hear a shout!
The gnoll sergeant hits you from afar with a +0 spear!
* * * LOW HITPOINT WARNING * * *
Casting: Dazzling Flash (dangerous; 3% risk of failure)
Confirm with . or Enter, or press ? or * to list all spells.
You erupt in a blast of force!
The mystic blast hits the gnoll sergeant but does no damage.
The gnoll sergeant is moderately wounded.
You hear a shout!
The gnoll sergeant hits you from afar with a +0 spear!
You die...

#######.# ....##..#
###....# ...###.##
.....#..# ####
......#.# ##@.#
........## ##...##
.........# ##..g..#
.........# #......##
.........## #.......#
..........# #.......#
..........# #...g...#
..........###.......#
.........#.##.......#


You could see a gnoll sergeant and a gnoll.

Vanquished Creatures
  A two-headed ogre (D:5)
  A steam dragon (D:7)
  Menkaure (D:4)
  An ice beast (D:6)
  2 sky beasts (D:7)
  A centaur (D:5)
  A phantom (D:5)
  A kobold brigand (D:6)
  A scorpion (D:5)
  A jelly (D:4)
  6 hounds
  2 orc priests
  2 iguanas
  6 orc wizards
  8 gnolls
  10 adders
  A shadow imp (D:6)
  A worm (D:2)
  A dart slug (D:3)
  32 orcs
  2 bats (D:2)
  3 endoplasms
  2 giant cockroaches
  8 goblins
  8 hobgoblins
  3 jackals (D:3)
  7 quokkas
  6 ball pythons
  3 frilled lizards
  8 kobolds
  7 rats
137 creatures vanquished.

Notes
Turn   | Place    | Note
-------+----------+-------------------------------------------
     0 | D:1      | croobank the Gnoll Conjurer began the quest for the Orb.
     0 | D:1      | Reached XP level 1. HP: 13/13 MP: 6/6
   106 | D:1      | Found Qydoreq's Vocational Training.
   130 | D:1      | Reached XP level 2. HP: 19/19 MP: 2/7
   197 | D:1      | Learned a level 2 spell: Searing Ray
   633 | D:1      | Reached skill level 5 in Spellcasting
   633 | D:1      | Reached XP level 3. HP: 25/25 MP: 6/9
   637 | D:1      | Learned a level 3 spell: Dazzling Flash
   844 | D:2      | Reached skill level 1 in Invocations
   928 | D:2      | Found a faded altar of an unknown god.
  1115 | D:2      | Found a blossoming altar of Fedhas.
  1360 | D:2      | Reached skill level 1 in Fighting
  1360 | D:2      | Reached skill level 1 in Short Blades
  1360 | D:2      | Reached skill level 1 in Long Blades
  1360 | D:2      | Reached skill level 1 in Axes
  1360 | D:2      | Reached skill level 1 in Maces & Flails
  1360 | D:2      | Reached skill level 1 in Polearms
  1360 | D:2      | Reached skill level 1 in Staves
  1360 | D:2      | Reached skill level 1 in Ranged Weapons
  1360 | D:2      | Reached skill level 1 in Throwing
  1360 | D:2      | Reached skill level 1 in Armour
  1360 | D:2      | Reached skill level 1 in Shields
  1360 | D:2      | Reached skill level 1 in Unarmed Combat
  1360 | D:2      | Reached skill level 1 in Evocations
  1444 | D:2      | Reached XP level 4. HP: 32/32 MP: 7/11
  1449 | D:2      | Learned a level 4 spell: Fulminant Prism
  1725 | D:3      | Found a runed translucent door.
  1726 | D:3      | Noticed leafyfresh's ghost (amateur OpDe)
  1988 | D:3      | Reached skill level 1 in Hexes
  1988 | D:3      | Reached skill level 1 in Summonings
  1988 | D:3      | Reached skill level 1 in Necromancy
  1988 | D:3      | Reached skill level 1 in Translocations
  1988 | D:3      | Reached skill level 1 in Transmutations
  1988 | D:3      | Reached skill level 1 in Fire Magic
  1988 | D:3      | Reached skill level 1 in Ice Magic
  1988 | D:3      | Reached skill level 1 in Air Magic
  1988 | D:3      | Reached skill level 1 in Earth Magic
  1988 | D:3      | Reached skill level 1 in Poison Magic
  2223 | D:3      | Reached XP level 5. HP: 33/37 MP: 7/12
  2264 | D:3      | Learned a level 4 spell: Iskenderun's Mystic Blast
  3138 | D:4      | Noticed Menkaure
  3149 | D:4      | Killed Menkaure
  3150 | D:4      | Reached skill level 5 in Dodging
  3150 | D:4      | Reached XP level 6. HP: 31/44 MP: 2/14
  3366 | D:4      | Found a sparkling altar of Nemelex Xobeh.
  3370 | D:5      | Entered Level 5 of the Dungeon
  3676 | D:5      | Reached XP level 7. HP: 50/50 MP: 9/15
  3962 | D:5      | Noticed a two-headed ogre
  4092 | D:4      | Reached skill level 5 in Stealth
  5073 | D:5      | Killed a two-headed ogre
  5074 | D:5      | Reached XP level 8. HP: 20/59 MP: 1/17
  6111 | D:6      | Reached XP level 9. HP: 58/65 MP: 18/18
  6977 | D:7      | Reached skill level 8 in Conjurations
  7102 | D:7      | HP: 3/65 [gnoll sergeant/+0 spear (8)]
  7103 | D:7      | Mangled by a gnoll sergeant

Illustrated notes

Levels and vault maps discovered:
D:1:      lightli_arrival_statuegarden, layout_basic, nicolae_shop_vocational
D:2:      layout_basic, shapermc_ecumenical_altar_ellora, basic_altar
D:3:      layout_basic, gammafunk_ghost_grave, kennysheep_generic_room_5
D:4:      layout_rooms, nemelex_xobeh_ov_fountains_minmay, saegor_snake_ambush,
          uniq_menkaure
D:5:      layout_basic, nicolae_hexahallways
D:6:      layout_layer_cave
D:7:      layout_cave_pods, nicolae_overflow_two_pavilions,
          lemuel_temple_firewalk_a

Skill      XL: |  1  2  3  4  5  6  7  8  9 |
---------------+----------------------------+-----
Spellcasting   | 5 6 |  6.6
Invocations    | 1 2 4 |  4.7
Fighting       | 1 2 3 4 |  4.3
Short Blades   | 1 2 3 4 |  4.3
Long Blades    | 1 2 3 4 |  4.3
Axes           | 1 2 3 4 |  4.3
Maces & Flails | 1 2 3 4 |  4.3
Polearms       | 1 2 3 4 |  4.3
Staves         | 1 2 3 4 |  4.3
Ranged Weapons | 1 2 3 4 |  4.3
Throwing       | 1 2 3 4 |  4.3
Armour         | 1 2 3 4 |  4.3
Shields        | 1 2 3 4 |  4.3
Unarmed Combat | 1 2 3 4 |  4.3
Evocations     | 1 2 3 4 |  4.3
Hexes          | 1 3 |  3.5
Summonings     | 1 3 |  3.5
Necromancy     | 1 3 |  3.5
Translocations | 1 3 |  3.5
Transmutations | 1 3 |  3.5
Fire Magic     | 1 3 |  3.5
Ice Magic      | 1 3 |  3.5
Air Magic      | 1 3 |  3.5
Earth Magic    | 1 3 |  3.5
Poison Magic   | 1 3 |  3.5
Dodging        | 5 6 |  6.3
Stealth        | 5 6 |  6.1
Conjurations   | 8 |  8.0

Action                   |  1- 3 |  4- 6 |  7- 9 || total
-------------------------+-------+-------+-------++-------
Melee: Dagger            |       |     4 |       ||     4
       Punch             |       |     1 |       ||     1
       Quarterstaff      |       |       |    53 ||    53
       Bite              |       |       |     5 ||     5
 Fire: Sling             |    12 |    72 |    48 ||   132
 Cast: Magic Dart        |    37 |     1 |    13 ||    51
       Searing Ray       |    11 |    21 |    30 ||    62
       Dazzling Flash    |       |     1 |     3 ||     4
       Iskenderun's Myst |       |       |     3 ||     3
  Use: Scroll            |       |     2 |    10 ||    12
       Potion            |       |     1 |     2 ||     3
 Stab: Sleeping          |       |     1 |       ||     1
       Distracted        |       |       |     1 ||     1
Armor: Robe              |     1 |     7 |    14 ||    22
       Leather armour    |       |       |    12 ||    12
Dodge: Dodged            |     2 |    45 |    80 ||   127
